 Dungeon Crawl Stone Soup version 0.25.0-1-g7eea58d2a3 (webtiles) character file.

Game seed: 13777504248022978054

2424 Chiseanne the Ducker (level 9, -1/56 HPs)
             Began as a Kobold Transmuter on June 14, 2020.
             Was a Believer of Dithmenos.
             Slain by a hornet zombie (11 damage)
             ... on level 7 of the Dungeon.
             The game lasted 00:13:19 (8437 turns).

Chiseanne the Ducker (Kobold Transmuter)            Turns: 8437, Time: 00:13:20

Health: -1/56      AC:  9    Str: 10    XL:     9   Next: 76%
Magic:  18/18      EV: 18    Int: 21    God:    Dithmenos [**....]
Gold:   442        SH:  0    Dex: 15    Spells: 20/20 levels left

rFire    . . .     SeeInvis .   a - +4 hand axe (vorpal)
rCold    + . .     Gourm    .   (shield restricted)
rNeg     . . .     Faith    .   f - +0 scale mail {rC+}
rPois    .         Spirit   .   (no helmet)
rElec    .         Reflect  .   z - +0 cloak
rCorr    .         Harm     .   g - +0 pair of gloves
MR       .....                  (no boots)
Stlth    ..........             (no amulet)
HPRegen  0.18/turn              n - +4 ring of evasion
MPRegen  0.16/turn              B - +6 ring of intelligence

@: wreathed by umbra
A: small, carnivore
a: Shadow Step, Renounce Religion


You were on level 7 of the Dungeon.
You worshipped Dithmenos.
Dithmenos was pleased with you.
You were near starving.

You visited 1 branch of the dungeon, and saw 7 of its levels.

You collected 442 gold pieces.

Inventory:

Hand Weapons
 a - a +4 vorpal hand axe (weapon)
 s - a +3 short sword of venom
 v - a +2 whip of freezing
 x - a +3 quarterstaff of chaos
Missiles
 h - 22 poisoned darts (quivered)
 j - 55 arrows
 l - 76 sling bullets
 p - 2 boomerangs
 w - 3 throwing nets
Armour
 f - a +0 scale mail of cold resistance (worn)
 g - a +0 pair of gloves (worn)
 z - a +0 cloak (worn)
Jewellery
 n - a +4 ring of evasion (left hand)
 o - an uncursed ring of magical power
 r - an uncursed ring of wizardry
 B - a +6 ring of intelligence (right hand)
Wands
 C - a wand of flame (11)
Scrolls
 e - 5 scrolls of remove curse
 m - a scroll of fog
 t - a scroll of identify
 y - a scroll of teleportation
Potions
 b - a potion of brilliance
 c - a potion of heal wounds
 i - 4 potions of cancellation
 k - 2 potions of curing
 q - a potion of mutation {unknown}
 D - a potion of flight
Comestibles
 d - 13 rations


   Skills:
 * Level 6.3 Fighting
 * Level 4.3 Armour
 * Level 7.4 Dodging
 - Level 3.0 Unarmed Combat
 * Level 6.1 Spellcasting
   Level 5.2 Transmutations


You had 20 spell levels left.
You didn't know any spells.
Your spell library contained the following spells:

 Spells                   Type           Power        Failure   Level  Hunger
 Beastly Appendage        Tmut           ####..       7%          1    None
 Sticks to Snakes         Tmut           ####....     10%         2    None
 Magic Dart               Conj           #...         50%         1    None
 Spider Form              Tmut/Pois      ###.......   52%         3    #......
 Blink                    Tloc           N/A          65%         2    None
 Call Imp                 Summ           #.......     65%         2    None
 Slow                     Hex            #.......     65%         2    None
 Conjure Flame            Conj/Fire      #.......     86%         3    #......
 Mephitic Cloud           Conj/Pois/Air  #.......     86%         3    #......
 Blade Hands              Tmut           ####......   88%         5    #####..
 Ice Form                 Ice/Tmut       ###.....     89%         4    ###....


Dungeon Overview and Level Annotations

Branches:
Dungeon (7/15)             Temple (0/1) D:5

Altars:
Dithmenos
Kikubaaqudgha
Nemelex Xobeh
Sif Muna
The Shining One


Innate Abilities, Weirdness & Mutations

You are small and have problems with some larger weapons.
You are carnivorous and can eat meat at any time.


Message History

You are feeling hungry.
The hornet zombie hits you! The hungry ghost closely misses you.
You miss the hungry ghost.
The hungry ghost is moderately damaged.
You slash the hornet zombie! The hornet zombie misses you.
The hornet zombie hits you!
* * * LOW HITPOINT WARNING * * *
The hungry ghost hits you.
You are feeling very hungry.
You hit the hungry ghost.
The hungry ghost is moderately damaged.
You completely miss the hornet zombie. The hornet zombie hits you.
* * * LOW HITPOINT WARNING * * *
The hungry ghost barely misses you. The hornet zombie misses you.
You hit the hungry ghost.
The hungry ghost is heavily damaged.
You barely miss the hornet zombie. The hungry ghost hits you.
You are near starving!
The hornet zombie hits you!
You die...

################## #####
#................# ##...#
#......WZ........# #.....
#..#####@.#####..###.....
*,.....#..#......#.#.....
*,.....#..#......#..#...#
**###.(#..#.[#####..##.##
*,.....#..#......##.##.##
*,.....#..#......##......
*,.#####..#####..#####.##
*,.....#..#......# #.#
*,.$...#..#......# #.#


You could see a hungry ghost and a hornet zombie.

Vanquished Creatures
  Pikel (D:5)
  A cyclops (D:7)
  A slime creature (D:7)
  A sky beast (D:6)
  An ice beast (D:7)
  2 ogres
  4 bullfrogs
  A scorpion (D:7)
  A wyvern skeleton (D:6)
  A howler monkey (D:4)
  2 crimson imps
  A centaur zombie (D:6)
  A hound (D:4)
  A jelly (D:6)
  2 centaur skeletons
  An orc priest (D:3)
  Terence (D:2)
  4 iguanas
  An orc wizard (D:3)
  4 worker ants
  4 gnolls (D:5)
  10 adders
  A shadow imp (D:5)
  An ooze (D:2)
  A worm (D:4)
  3 dart slugs
  2 leopard geckos (D:3)
  7 orcs
  2 ball pythons (D:1)
  5 bats
  4 giant cockroaches
  7 goblins
  8 hobgoblins
  16 jackals
  A quokka (D:5)
  A ball python skeleton (D:5)
  5 frilled lizards
  11 kobolds
  A leopard gecko skeleton (D:4)
  4 rats
126 creatures vanquished.

Vanquished Creatures (others)
  Crazy Yiuf (D:5)
  A fungus (D:5)
2 creatures vanquished.

Grand Total: 128 creatures vanquished

Notes
Turn   | Place    | Note
-------+----------+-------------------------------------------
     0 | D:1      | Chiseanne the Kobold Transmuter began the quest for the
                  | Orb.
     0 | D:1      | Reached XP level 1. HP: 12/12 MP: 3/3
   602 | D:2      | Noticed Terence
   875 | D:1      | Reached XP level 2. HP: 12/16 MP: 3/5
  1670 | D:1      | Reached XP level 3. HP: 21/21 MP: 6/6
  2040 | D:2      | Reached skill level 3 in Dodging
  2122 | D:2      | Found a shadowy altar of Dithmenos.
  2126 | D:2      | Became a worshipper of Dithmenos the Shadowed
  2223 | D:2      | Killed Terence
  2223 | D:2      | Reached XP level 4. HP: 19/26 MP: 6/8
  2745 | D:2      | Reached XP level 5. HP: 28/31 MP: 9/9
  3359 | D:3      | Found a glowing golden altar of the Shining One.
  3454 | D:3      | Reached skill level 1 in Armour
  3913 | D:4      | Reached * piety under Dithmenos
  3916 | D:4      | Reached XP level 6. HP: 35/36 MP: 11/11
  3969 | D:4      | Reached skill level 4 in Dodging
  4692 | D:4      | Reached XP level 7. HP: 32/41 MP: 12/12
  4878 | D:5      | Entered Level 5 of the Dungeon
  4933 | D:5      | Found an ancient bone altar of Kikubaaqudgha.
  5463 | D:5      | Found a staircase to the Ecumenical Temple.
  5518 | D:5      | Reached ** piety under Dithmenos
  5849 | D:5      | Reached skill level 5 in Dodging
  6149 | D:5      | Found a runed translucent door.
  6149 | D:5      | Noticed Pikel
  6149 | D:5      | Noticed Crazy Yiuf
  6171 | D:5      | Killed Pikel
  6171 | D:5      | Reached XP level 8. HP: 36/48 MP: 13/15
  6174 | D:5      | Killed Crazy Yiuf
  6731 | D:6      | Reached skill level 5 in Fighting
  6731 | D:6      | Reached skill level 6 in Dodging
  6731 | D:6      | Reached skill level 5 in Spellcasting
  6736 | D:6      | Reached skill level 5 in Transmutations
  6836 | D:6      | Found a shimmering blue altar of Sif Muna.
  6872 | D:6      | Reached XP level 9. HP: 36/54 MP: 16/16
  7080 | D:6      | Found an ancient bone altar of Kikubaaqudgha.
  7828 | D:7      | Found a sparkling altar of Nemelex Xobeh.
  8103 | D:7      | Noticed a cyclops
  8104 | D:7      | Noticed a slime creature
  8125 | D:7      | Killed a slime creature
  8125 | D:7      | Reached skill level 7 in Dodging
  8137 | D:7      | Killed a cyclops
  8437 | D:7      | Slain by a hornet zombie

Illustrated notes

Levels and vault maps discovered:
D:1:      dpeg_arrival_lava_altar, layout_loops_corners, nrook_campfire,
          hex_tiny
D:2:      layout_loops_ring, serial_forest, infiniplex_forest_lined_corner,
          infiniplex_forest_straight_2, infiniplex_forest_clump_tiny,
          infiniplex_forest_lined_1, infiniplex_forest_end_3,
          infiniplex_forest_end_3, infiniplex_forest_lined_corner,
          infiniplex_forest_corner_2, grunt_dithmenos_smoke, uniq_terence
D:3:      wander_river, layout_loops_ring, nicolae_tso_carved_into_rock,
          first_ration, kennysheep_minor_cross, minmay_quadrilaterals
D:4:      layout_basic, kennysheep_diamond, dk_noncrumbling_3, feat_on_display
D:5:      layout_basic, minmay_temple_entry_large_hall, basic_altar,
          uniq_crazy_yiuf_cottage, uniq_pikel, uniq_eustachio
D:6:      layout_loops_ring, old_standard_altar, kennysheep_little_box
D:7:      kennysheep_windowed_halls, layout_loops_ring,
          nemelex_lonely_heart_becter

Skill      XL: |  1  2  3  4  5  6  7  8  9 |
---------------+----------------------------+-----
Dodging        | 3 4 5 6 7 |  7.4
Fighting       | 2 3 4 5 6 |  6.3
Spellcasting   | 3 4 5 6 |  6.1
Transmutations | 3 4 5 |  5.2
Armour         | 1 2 3 4 |  4.3
Unarmed Combat | |  3.0

Action                   |  1- 3 |  4- 6 |  7- 9 || total
-------------------------+-------+-------+-------++-------
Melee: Club              |    29 |       |       ||    29
       Unarmed           |    18 |       |       ||    18
       Kick              |     6 |       |       ||     6
       Headbutt          |     1 |       |       ||     1
       Hand axe          |    29 |       |    82 ||   111
       Short sword       |     9 |   184 |   158 ||   351
       Punch             |       |     1 |     2 ||     3
Throw: Dart              |       |       |     9 ||     9
 Cast: Beastly Appendage |    14 |       |       ||    14
Evoke: Wand              |       |       |     3 ||     3
  Use: Scroll            |     7 |     4 |     7 ||    18
       Potion            |     1 |       |     2 ||     3
 Stab: Sleeping          |     2 |       |       ||     2
  Eat: Chunk             |    11 |     9 |    13 ||    33
Armor: Robe              |    10 |       |       ||    10
       Scale mail        |       |    61 |    55 ||   116
Dodge: Dodged            |    68 |   142 |   227 ||   437
